 Dungeon Crawl Stone Soup version 0.20-a0-81-g6e69d53 (webtiles) character file.

56 KristoblXynda the Poker (level 3, -1/27 HPs)
             Began as a Merfolk Skald on Nov 20, 2016.
             Killed by nerve-wracking pain
             ... invoked by an orc priest
              (11 damage)
             ... on level 3 of the Dungeon.
             The game lasted 00:06:55 (1958 turns).

KristoblXynda the Poker (Merfolk Skald)             Turns: 1958, Time: 00:06:56

Health: -1/27      AC:  5    Str: 12    XL:     3   Next: 95%
Magic:  15/15      EV: 12    Int: 12    God:
Gold:   125        SH:  0    Dex: 16    Spells: 2 memorised, 2 levels left

rFire  . . .     SeeInvis .     n - +2 trident (pain)
rCold  . . .     Gourm    .     b - +1 leather armour
rNeg   . . .     Faith    .     (no shield)
rPois  .         Spirit   .     (no helmet)
rElec  .         Reflect  .     t - +0 cloak
rCorr  .         Harm     .     (no gloves)
MR     .....                    (no boots)
Stlth  +.........               (no amulet)
                                p - +3 ring of dexterity
                                e - ring of magical power

@: no status effects
A: change form in water, swift swim, stealthy swim
a: no special abilities


You were on level 3 of the Dungeon.
You were hungry.

You visited 1 branch of the dungeon, and saw 3 of its levels.

You collected 125 gold pieces.

Inventory:

Hand Weapons
 a - a +1 spear
 n - a +2 trident of pain (weapon)
Missiles
 s - 7 javelins (quivered)
Armour
 b - a +1 leather armour (worn)
 t - a +0 cloak (worn)
Jewellery
 e - a ring of magical power (left hand)
 p - a +3 ring of dexterity (right hand)
Potions
 f - 3 potions of might {unknown}
 g - a potion of mutation
 h - a potion of degeneration {unknown}
 j - a potion of magic {unknown}
 k - a potion of curing {unknown}
 l - a potion of lignification {unknown}
Books
 c - a book of Battle

   Spells                             Type                      Level
   a - Infusion                       Charms                       1
   b - Shroud of Golubria             Charms/Translocation         2
   c - Song of Slaying                Charms                       2
   d - Spectral Weapon                Hexes/Charms                 3
   e - Regeneration                   Charms/Necromancy            3
Comestibles
 d - 3 bread rations
 i - 2 meat rations
 m - 2 slices of pizza
 q - 3 fruits


   Skills:
 - Level 2.1 Fighting
 + Level 4.3 Polearms
 - Level 1.1 Armour
 + Level 1.8 Dodging
 - Level 2.0 Spellcasting
 + Level 4.1 Charms


You had 2 spell levels left.
You knew the following spells:

 Your Spells              Type           Power        Failure   Level  Hunger
a - Infusion              Chrm           ##..         8%          1    ##.....
b - Regeneration          Chrm/Necr      #.........   45%         3    ####...


Dungeon Overview and Level Annotations

Branches:
Dungeon (3/15)

Altars:


Message History

The orc hits you but does no damage.
The orc priest mumbles some strange prayers to Beogh against you.
Pain shoots through your body!
Unknown command.
Attack whom?
Press: ? - help, Dir - move target cursor, f - orc priest
Aim: an orc priest, wielding a mace and wearing a leather armour You barely miss the orc priest.
The orc closely misses you. The orc wizard casts a spell at you.
The magic dart hits you!
You hit the orc priest but do no damage.
The orc closely misses you. The orc priest hits you with a mace.
The orc wizard gestures at you while chanting.
The magic dart hits you!
You hit the orc priest.
The orc priest is moderately wounded.
The orc barely misses you.
The orc priest calls down the wrath of Beogh upon you.
Pain shoots through your body!
You die...

................#
##........(.....#
#..............# ..
#.......†......+ ...
#..............# ##.[.
#..............# .....
#..............# .....
#.......)......##..##..
.............o@o.....#
##############o#....#.
#.# ....# #.# #... #.#
.. #.# # #.# #.# #.#


You could see an orc priest, an orc wizard and an orc.

Vanquished Creatures
  An adder (D:3)
  A worm (D:3)
  A leopard gecko (D:1)
  4 orcs (D:3)
  A giant cockroach (D:2)
  6 goblins
  3 hobgoblins
  2 ball pythons
  10 bats
  3 frilled lizards
  4 kobolds
  5 rats
41 creatures vanquished.

Notes
Turn   | Place    | Note
-------+----------+-------------------------------------------
     0 | D:1      | KristoblXynda the Merfolk Skald began the quest for the Orb.
     0 | D:1      | Reached XP level 1. HP: 16/16 MP: 3/3
   338 | D:1      | Reached skill level 1 in Armour
   338 | D:1      | Reached XP level 2. HP: 17/22 MP: 5/5
  1243 | D:2      | Reached XP level 3. HP: 20/27 MP: 6/6
  1795 | D:3      | Learned a level 3 spell: Regeneration
  1958 | D:3      | Killed from afar by an orc priest

Vault maps used:
D:1:      lightli_arrival_flooded_house
D:3:      first_bread, nicolae_ru_awakened_eye

Skill      XL: |  1  2  3 |
---------------+----------+-----
Armour         | 1 |  1.1
Polearms       | 4 |  4.3
Charms         | 4 |  4.1
Fighting       | |  2.1
Dodging        | |  1.8
Spellcasting   | |  2.0

Action                   || total
-------------------------++-------
Melee: Spear             ||   149
       Trident           ||     3
  Use: Scroll            ||     4
 Stab: Sleeping          ||     1
  Eat: Chunk             ||     2
       Fruit             ||     1
Armor: Leather armour    ||    47
Dodge: Dodged            ||   106
